 Dungeon Sprint DCSS version 0.22.1-1-ga44c0e56f4 (webtiles) character file.

11278 KleinerIrrer the Peltast (level 12, -11/102 HPs)
             Began as a Formicid Fighter on Nov 1, 2018.
             Was the Champion of Makhleb.
             Mangled by a spriggan defender
             ... wielding a +3 quick blade
              (17 damage)
             ... in the Dungeon (Sprint V: "Ziggurat Sprint").
             The game lasted 00:11:06 (994 turns).

KleinerIrrer the Peltast (Formicid Fighter)          Turns: 994, Time: 00:11:08

Health: -11/102    AC: 29    Str: 26    XL:     12   Next: 5%
Magic:  20/20      EV:  1    Int: 14    God:    Makhleb [******]
Gold:   0          SH: 34    Dex: 10    Spells: 11/11 levels left

rFire    + . .     SeeInvis +   v - +7 Screaming Sword
rCold    + . .     Gourm    .   t - +18 shield of the Gong {rElec rN+ MR+ EV-5}
rNeg     + + +     Faith    .   Q - +5 gold dragon scales
rPois    +         Spirit   .   (helmet unavailable)
rElec    +         Reflect  .   (no cloak)
rCorr    .         Harm     .   (no gloves)
MR       ++...                  (no boots)
Stlth    ..........             (no amulet)
HPRegen  0.27/turn              X - ring "Equskamp" {Str+4 Slay+2 SInv}
MPRegen  0.17/turn              S - ring of Ilophol {*Drain rN+++ AC+5 Int+2 Stlth+}

@: lethally poisoned (-11 -> -22), studying 3 skills
A: permanent stasis, dig shafts and tunnels, four strong arms, antennae 3
a: Dig, Minor Destruction, Lesser Servant of Makhleb, Major Destruction, Greater
Servant of Makhleb, Renounce Religion


You were in the Dungeon.
You worshipped Makhleb.
Makhleb was exalted by your worship.
You were hungry.

You visited 1 branch

Inventory:

Hand Weapons
 c - the +3 dire flail "Kysoes" {crush, +Inv rPois Int+4}
   (You found it in the Dungeon)

   It inflicts extra damage upon your enemies.
   It affects your intelligence (+4).
   It protects you from poison.
   It lets you turn invisible.
 q - the +6 Majin-Bo {vamp, Archmagi MP+6 Int+6}
   (You found it in the Dungeon)

   It inflicts no extra harm, but heals its wielder when it wounds a living foe.
   It affects your intelligence (+6).
   It affects your magic capacity (+6).
 r - the +10 dark maul {crush}
   (You found it in the Dungeon)

   It inflicts extra damage upon your enemies.
 s - the cursed +14 obsidian axe {chop, +Fly SInv *Curse}
   (You found it in the Dungeon)

   It inflicts extra damage upon your enemies.
   It lets you see invisible.
   It lets you fly.
   It curses itself when equipped.
   It has a curse placed upon it.
 u - a +5 executioner's axe
 v - the +7 Screaming Sword (weapon)
   (You found it in the Dungeon)
 w - the +8 lance "Wyrmbane" {slay drac, rPois rF+ rC+ AC+3}
   (You found it in the Dungeon)

   It affects your AC (+3).
   It protects you from fire.
   It protects you from cold.
   It protects you from poison.
Armour
 t - the +18 shield of the Gong (worn) {rElec rN+ MR+ EV-5}
   (You found it in the Dungeon)

   It affects your evasion (-5).
   It insulates you from electricity.
   It protects you from negative energy.
   It affects your resistance to hostile enchantments.
 Q - +5 gold dragon scales (worn)
 W - the +10 large shield of Ignorance {rN+ Int-4}
   (You found it in the Dungeon)

   It affects your intelligence (-4).
   It protects you from negative energy.
Magical Staves
 F - an uncursed staff of energy
Jewellery
 y - a +6 ring of dexterity
 z - a +6 ring of dexterity
 A - a +6 ring of intelligence
 B - a +6 ring of intelligence
 D - a +6 ring of strength
 E - an uncursed ring of flight
 R - a +1 ring of slaying
 S - the ring of Ilophol (right hand) {*Drain rN+++ AC+5 Int+2 Stlth+}
   (You found it in the Dungeon)

   [ring of protection]

   It affects your AC (+5).
   It affects your intelligence (+2).
   It renders you almost immune to negative energy.
   It causes draining when unequipped.
   It makes you more stealthy.
 U - an uncursed ring of protection from magic
 X - the ring "Equskamp" (left hand) {Str+4 Slay+2 SInv}
   (You found it in the Dungeon)

   [ring of see invisible]

   It affects your strength (+4).
   It affects your accuracy and damage with ranged weapons and melee attacks
   (+2).
   It lets you see invisible.
Wands
 H - a wand of disintegration (7)
 I - a wand of iceblast (4)
 J - a wand of acid (7)
Scrolls
 k - 4 scrolls of blinking
 K - 4 scrolls of amnesia
 L - 7 scrolls of fog
 M - 2 scrolls of holy word
 N - 5 scrolls of identify
 O - 5 scrolls of remove curse
 P - 2 scrolls of fear
Potions
 d - 6 potions of might
 e - 9 potions of curing
 g - 13 potions of heal wounds
 h - 6 potions of haste
 i - 7 potions of magic
 j - 3 potions of berserk rage
 l - 2 potions of brilliance
 m - 2 potions of invisibility
 n - 4 potions of resistance
 p - 5 potions of agility
Books
 a - a manual of Crossbows
 o - a manual of Long Blades
 Y - a manual of Charms
Miscellaneous
 b - a phial of floods
 x - a lightning rod (4/4)
 C - a fan of gales (inert)
 G - a crystal ball of energy
 V - a lamp of fire
Comestibles
 f - 7 rations


   Skills:
 * Level 12.2 Fighting
 * Level 2.2 Long Blades
 - Level 3.9 Axes
 * Level 13.0 Armour
 - Level 2.7 Stealth
 * Level 19.3 Shields
 - Level 0.1 Invocations
 * Level 10.8 Evocations


You had 11 spell levels left.
You didn't know any spells.
Your spell library contained the following spells:

 Spells                   Type           Power        Failure   Level  Hunger
 Animate Skeleton         Necr           N/A          100%        1    ##.....
 Apportation              Tloc           #.....       100%        1    ##.....
 Confusing Touch          Hex            #.....       100%        1    ##.....
 Sandblast                Erth           #.....       100%        1    ##.....
 Summon Small Mammal      Summ           #...         100%        1    ##.....
 Call Imp                 Summ           #.......     100%        2    ###....
 Passwall                 Tmut/Erth      #.......     100%        2    ###....
 Poisonous Vapours        Pois/Air       #.....       100%        2    ###....
 Searing Ray              Conj           #.....       100%        2    ###....
 Sticks to Snakes         Tmut           #.......     100%        2    ###....
 Sublimation of Blood     Necr           #.........   100%        2    ###....
 Stone Arrow              Conj/Erth      #.....       100%        3    ####...
 Petrify                  Tmut/Erth      #.......     100%        4    #####..
 Lee's Rapid Deconstruct  Erth           #.........   100%        5    ######.


Dungeon Overview and Level Annotations

Branches:
Dungeon (1/1)

Altars:
Ashenzari
Cheibriados
Dithmenos
Elyvilon
Fedhas
Gozag
Hepliaklqana
Kikubaaqudgha
Makhleb
Nemelex Xobeh
Okawaru
Qazlal
Ru
Sif Muna
Trog
Uskayaw
Vehumet
Wu Jian
Xom
Yredelemnul
Zin
The Shining One
Beogh
Jiyva
Lugonu

Annotations:
D 1 transporter


Innate Abilities, Weirdness & Mutations

You cannot be hasted, slowed, berserked, paralysed or teleported.
You can dig through walls and to a lower floor.
Your four strong arms can wield two-handed weapons with a shield.
You have a pair of large antennae on your head. (SInv)


Message History

You feel sick.
You block the spriggan defender's attack.
GONNNNG!
The spriggan defender hits you but does no damage. x2
You block the spriggan rider's attack.
GONNNNG!
The wind drake flaps its wings at you. The air twists around and strikes you!
The spriggan defender hits you but does no damage.
You block the spriggan defender's attack.
GONNNNG!
You block the faun's attack.
GONNNNG!
The spriggan air mage hits you but does no damage.
The spriggan defender hits you with a demon whip of venom.
* * * LOW HITPOINT WARNING * * *
You block the spriggan air mage's attack.
BOUMMMMG!
The spriggan defender hits you with an enchanted quick blade!
You die...

▓▓▓▓▓▓▓▓▓▓▓▓▓▓▓▓▓▓▓
▓...8©8...▓...8©8...▓
▓..:)[.)..▓..=.}|...▓
▓..}}[.|..▓...=.}[..▓
▓.........▓.........▓
▓....)....▓.........▓
▓....R....▓.........▓
▓...iii...▓.........▓
▓...c@i...▓..))†....▓
▓.▓.iik.▓.▓....©....▓
▓....©....▓▓▓▓▓▓▓▓▓▓▓
▓▓▓▓▓▓▓▓▓▓▓ { { {{{


{{{{{{{{ {{{{{ {{{ { {{{{{ {{{{{{ { { { { {{{{ {{{{{ { {{ You could see 3
spriggan defenders, a spriggan rider, a wind drake, a dryad, a faun and 2
spriggan air magi.

Vanquished Creatures
  An ugly thing (D)
  A shining eye (D)
  3 draconians (D)
  An eye of devastation (D)
  A polar bear (shapeshifter) (D)
  A wind drake (D)
  2 slime creatures (D)
  An air elemental (D)
  A yak (D)
  A fire bat (shapeshifter) (D)
  A golden eye (D)
  2 insubstantial wisps (D)
  2 floating eyes (D)
  An orc warrior (D)
  An eye of draining (D)
  3 necrophages (D)
  2 phantoms (D)
  A wolf (D)
  2 wights (D)
  An orc wizard (D)
  2 orc priests (D)
  2 jellies (D)
  An iguana (D)
  2 adder zombies (D)
  2 adder skeletons (D)
  An orc (D)
  A bat skeleton (D)
  A giant cockroach zombie (D)
41 creatures vanquished.

Vanquished Creatures (collateral kills)
  A spriggan berserker (D)
  2 draconians (D)
  An eye of devastation (D)
  A hornet (shapeshifter) (D)
  An air elemental (D)
  An orc warrior (D)
  An eye of draining (D)
  An orc priest (D)
  A jelly (D)
  An orc (D)
11 creatures vanquished.

Vanquished Creatures (others)
  3 insubstantial wisps (D)
3 creatures vanquished.

Grand Total: 55 creatures vanquished

Notes
Turn   | Place    | Note
-------+----------+-------------------------------------------
     0 | D        | Found the +6 Majin-Bo {vamp, Archmagi MP+6 Int+6}
     0 | D        | Found the +7 great mace "Firestarter" {inner flame, rF++}
     0 | D        | KleinerIrrer the Formicid Fighter began the quest for the
                  | Orb.
     0 | D        | Reached XP level 1. HP: 18/18 MP: 1/1
     0 | D        | Found a deep blue altar of Sif Muna.
     0 | D        | Found a sacrificial altar of Ru.
     0 | D        | Found a bloodstained altar of Trog.
     0 | D        | Found a stormy altar of Qazlal.
     0 | D        | Found an iron altar of Okawaru.
     0 | D        | Found a sparkling altar of Nemelex Xobeh.
     0 | D        | Found a blossoming altar of Fedhas.
     2 | D        | Found an ancient bone altar of Kikubaaqudgha.
     2 | D        | Found a transporter.
     2 | D        | Found a corrupted altar of Lugonu.
     2 | D        | Found a viscous altar of Jiyva.
     2 | D        | Found a burning altar of Makhleb.
     2 | D        | Found a hazy altar of Hepliaklqana.
     2 | D        | Found an opulent altar of Gozag.
     8 | D        | Found the +9 heavy crossbow "Sniper" {velocity, Acc+∞ SInv}
     8 | D        | Found the +10 dark maul {crush}
     8 | D        | Found the +15 Maxwell's patent armour {-Cast -Tele rElec
                  | MR+ rCorr}
     8 | D        | Found the +18 shield of the Gong {rElec rN+ MR+ EV-5}
     8 | D        | Found the cursed +14 obsidian axe {chop, +Fly SInv *Curse}
    23 | D        | Found the +6 shillelagh "Devastator" {shatter}
    23 | D        | Found the +11 plutonium sword {*Contam Stlth-}
    23 | D        | Found the +8 lance "Wyrmbane" {slay drac, rPois rF+ rC+
                  | AC+3}
    23 | D        | Found the +9 sword of Zonguldrok {reap}
    23 | D        | Found the cursed +13 scythe of Curses {drain, *Curse}
    23 | D        | Found the +0 sword of Power
    23 | D        | Found the +7 mace of Variability {chain chaos}
    23 | D        | Found the +7 Singing Sword
    23 | D        | Found the +7 longbow "Piercer" {penet, EV-2}
    47 | D        | Became a worshipper of Makhleb the Destroyer
    99 | D        | Entered arena 2.
    99 | D        | Noticed an insubstantial wisp
    99 | D        | Noticed an insubstantial wisp
    99 | D        | Found a transporter.
   112 | D        | Killed an insubstantial wisp
   112 | D        | Reached skill level 7 in Shields
   112 | D        | Reached XP level 2. HP: 10/28 MP: 2/4
   112 | D        | Reached XP level 3. HP: 13/34 MP: 2/5
   112 | D        | Reached XP level 4. HP: 15/40 MP: 2/6
   112 | D        | Reached XP level 5. HP: 17/46 MP: 2/7
   120 | D        | Killed an insubstantial wisp
   120 | D        | Reached skill level 8 in Shields
   120 | D        | Reached XP level 6. HP: 18/55 MP: 3/8
   321 | D        | Entered arena 3.
   321 | D        | Noticed a wolf
   321 | D        | Noticed a yak
   321 | D        | Found a transporter.
   327 | D        | Killed a wolf
   327 | D        | Reached * piety under Makhleb
   327 | D        | Reached skill level 9 in Shields
   330 | D        | Killed a yak
   330 | D        | Reached skill level 10 in Shields
   330 | D        | Reached skill level 5 in Evocations
   330 | D        | Reached XP level 7. HP: 49/63 MP: 8/10
   380 | D        | Entered arena 4.
   380 | D        | Found a transporter.
   383 | D        | Reached ** piety under Makhleb
   383 | D        | Reached skill level 11 in Shields
   399 | D        | Entered arena 5.
   399 | D        | Noticed a salamander
   399 | D        | Noticed a white ugly thing
   399 | D        | Noticed a hornet
   399 | D        | Noticed a fire bat
   399 | D        | Found a transporter.
   400 | D        | Killed a fire bat
   400 | D        | Reached *** piety under Makhleb
   400 | D        | Reached skill level 10 in Armour
   400 | D        | Reached skill level 12 in Shields
   400 | D        | Reached XP level 8. HP: 71/71 MP: 12/12
   405 | D        | Killed a white ugly thing
   405 | D        | Reached skill level 13 in Shields
   407 | D        | Noticed a polar bear
   407 | D        | a salamander changed into a polar bear
   407 | D        | Killed a hornet
   411 | D        | Killed a polar bear
   411 | D        | Reached skill level 10 in Fighting
   411 | D        | Reached XP level 9. HP: 78/78 MP: 12/14
   417 | D        | Got Sif Muna's Primer on Magic
   424 | D        | Got the +3 dire flail "Kysoes" {crush, +Inv rPois Int+4}
   426 | D        | Entered arena 6.
   426 | D        | Noticed a draconian
   426 | D        | Noticed a draconian
   426 | D        | Noticed a draconian
   426 | D        | Noticed a draconian
   426 | D        | Noticed a draconian
   426 | D        | Found a transporter.
   432 | D        | Killed a draconian
   432 | D        | Reached **** piety under Makhleb
   432 | D        | Reached skill level 14 in Shields
   436 | D        | Killed a draconian
   436 | D        | Reached skill level 15 in Shields
   437 | D        | Killed a draconian
   437 | D        | Reached skill level 16 in Shields
   439 | D        | Killed a draconian
   443 | D        | Killed a draconian
   443 | D        | Reached ***** piety under Makhleb
   443 | D        | Reached skill level 1 in Stealth
   443 | D        | Reached XP level 10. HP: 87/87 MP: 14/16
   452 | D        | Got the ring of Ilophol {*Drain rN+++ AC+5 Int+2 Stlth+}
   459 | D        | Entered arena 7.
   459 | D        | Noticed an eye of devastation
   459 | D        | Noticed a shining eye
   460 | D        | Reached skill level 17 in Shields
   463 | D        | Killed a shining eye
   464 | D        | Found a transporter.
   467 | D        | Killed an eye of devastation
   570 | D        | Entered arena 8.
   571 | D        | Found the +10 large shield of Ignorance {rN+ Int-4}
   576 | D        | Reached skill level 18 in Shields
   580 | D        | Reached ****** piety under Makhleb
   581 | D        | Found a transporter.
   618 | D        | Entered arena 9.
   618 | D        | Noticed an eye of devastation
   619 | D        | Found a transporter.
   625 | D        | Killed an eye of devastation
   641 | D        | Got the ring "Equskamp" {Str+4 Slay+2 SInv}
   748 | D        | Entered arena 10.
   749 | D        | Found a transporter.
   750 | D        | Reached skill level 10 in Evocations
   778 | D        | Reached skill level 19 in Shields
   778 | D        | Reached XP level 11. HP: 54/95 MP: 18/18
   939 | D        | Entered arena 11.
   940 | D        | Found a transporter.
   961 | D        | Reached XP level 12. HP: 101/101 MP: 20/20
   984 | D        | Entered arena 12.
   984 | D        | Noticed a spriggan air mage
   984 | D        | Noticed a spriggan defender
   984 | D        | Noticed a spriggan air mage
   984 | D        | Noticed a spriggan defender
   985 | D        | Noticed a spriggan defender
   985 | D        | Noticed a spriggan berserker
   985 | D        | Noticed a spriggan rider
   986 | D        | Found a transporter.
   989 | D        | Killed a spriggan berserker
   994 | D        | Mangled by a spriggan defender

Skill      XL: |  1  2  3  4  5  6  7  8  9 10 11 12 |
---------------+-------------------------------------+-----
Fighting       | 6 7 8 9 10 11 12 | 12.2
Axes           | 3 |  3.9
Armour         | 6 7 9 10 11 12 13 | 13.0
Shields        | 7 8 10 12 13 16 19 | 19.3
Evocations     | 2 3 5 6 8 10 | 10.8
Stealth        | 1 2 |  2.7
Long Blades    | 2 |  2.2
Invocations    | |  0.1

Action                   |  1- 3 |  4- 6 |  7- 9 | 10-12 || total
-------------------------+-------+-------+-------+-------++-------
Melee: Executioner's axe |     8 |       |       |       ||     8
       Double sword      |     2 |    15 |    35 |    53 ||   105
Invok: Minor Destruction |       |       |       |     1 ||     1
Evoke: Phial of floods   |       |       |     2 |     4 ||     6
       Lightning rod     |       |       |     3 |     8 ||    11
       Wand              |       |       |     1 |     2 ||     3
       Lamp of fire      |       |       |       |     3 ||     3
       Fan of gales      |       |       |       |     1 ||     1
       Phantom mirror    |       |       |       |     1 ||     1
  Use: Potion            |       |       |       |     4 ||     4
 Stab: Distracted        |       |       |     2 |       ||     2
Armor: Gold dragon scale |     2 |     7 |    20 |    88 ||   117
Dodge: Dodged            |     1 |     1 |     1 |       ||     3
Block: Shield            |    15 |    25 |    61 |   166 ||   267
